cohdb
Replays
Latest Replays
All Replays
Popular Replays
Top Player Replays
Match Explorer
How It Works
Community
CoH3 Stats
Reddit
Sign in to upload your games and track your stats! →
Sign in with Steam
Match 43787938
Unlisted
Match 43787938
Overview
Messages
Build Orders
End
Vickers Machine Gun Team
Construct Section Command Post
Selects Heavy Armor Battlegroup
Infantry Section
Infantry Section
Construct Field Infirmary
Infantry Section
Grenade Package
Construct Platoon Command Post
6-pounder Anti-tank Gun Team
Selects Rigorous Vehicle Training
Selects Light Vehicle Withdraw and Refit
Humber Armored Car
Infantry Section
Infantry Section
Construct Company Command Post
Unlock M3 Grant Medium Tanks
Infantry Section
Selects Radio Net
Selects Recon Artillery
M3 Grant Medium Tank
Recon Artillery
M3 Grant Medium Tank
Radio Net
Royal Engineer Section
Recon Artillery
M3 Grant Medium Tank
Radio Net
Selects Forward Repair Assembly
Selects Churchill Black Prince Heavy Tank
M3 Grant Medium Tank
Royal Engineer Section
polo2B
Ursa Major
Nap
Time45
rory
downrightcrispy
0
0
Comments
sign in to comment!
No comments posted yet!